[Event "Late-Titled-Tuesday-Blitz-February-06-2024"]
[Site "Chess.com"]
[Date "2024.02.06"]
[Round "10"]
[White "N_Mullodzhanov"]
[Black "only_strong_moves"]
[Result "1/2-1/2"]
[WhiteElo "2483"]
[BlackElo "2645"]
[TimeControl "180+1"]
[EndTime "15:55:45 PST"]
[Termination "Game drawn by repetition"]

1. e4 e5 2. Nf3 Nc6 3. Bc4 Nf6 4. O-O Nxe4 5. d4 d5 6. Bb5 Be7 7. Nxe5 O-O 8. Bxc6 bxc6 9. Nxc6 Qd6 10. Nxe7+ Qxe7 11. Nd2 Bf5 12. Re1 Qf6 13. Nf3 Rfe8 14. Bf4 c5 15.
Be5 Qh6 16. Qc1 Qc6 17. c3 f6 18. Bf4 c4 19. Nh4 Bd7 20. f3 Nd6 21. Bxd6 Qxd6 22.
f4 Re4 23. Rxe4 dxe4 24. Qe3 Re8 25. Rf1 Qd5 26. f5 Rb8 27. Rf2 a5 28. Re2 Bxf5 29.
Qf4 Rb5 30. a4 g5 31. Qf2 gxh4 32. axb5 Qxb5 33. Qxh4 Kf7 34. g4 Bg6 35. Qg3 Qa4 36.
Qc7+ Kg8 37. Kf2 Qd1 38. Qxa5 Qh1 39. Qd8+ Kg7 40. Qc7+ Bf7 41. Qg3 Bg6 42. d5 Qd1 43. d6 Kf7 44. h4 h5 45. g5 f5 46. Qe5 Kg8 47. Qf6 Be8 48. Qe6+ Bf7 49. Qc8+ Kg7 50. d7 f4 51. d8=Q e3+ 52. Rxe3 fxe3+ 53. Kxe3 Qg1+ 54.
Ke4 Qg2+ 55. Kd4 Qf2+ 56. Ke4 Qg2+ 57. Ke3 Qg1+ 58. Kd2 Qf2+ 59. Kc1 Qg1+ 60. Qd1 Qe3+ 61. Qd2 Qg1+ 62. Qd1 Qe3+ 63. Qd2 Qg1+ 64. Qd1 1/2-1/2

[Event "Late-Titled-Tuesday-Blitz-February-06-2024"]
[Site "Chess.com"]
[Date "2024.02.06"]
[Round "10"]
[White "GMWSO"]
[Black "GadimbayliA"]
[Result "1/2-1/2"]
[WhiteElo "3078"]
[BlackElo "2844"]
[TimeControl "180+1"]
[EndTime "15:55:49 PST"]
[Termination "Game drawn by repetition"]

1. c4 e5 2. Nc3 Nf6 3. Nf3 Nc6 4. e3 Bb4 5. Qc2 Bxc3 6. Qxc3 Qe7 7. d4 d6 8. Be2 O-O 9. d5 Nb8 10. b4 a5 11. a3 axb4 12. axb4 Rxa1 13. Qxa1 b5 14.
Nd2 bxc4 15. Bxc4 Nbd7 16. e4 Nb6 17. Be2 Ne8 18. O-O f5 19. f3 Nf6 20. Qc3 fxe4 21. fxe4 Bg4 22. Bd3 h6 23. h3 Bh5 24.
Nf3 Bg6 25. Qc2 Nh5 26. Kh2 Kh7 27. g3 Nxd5 28. exd5 e4 29. Qe2 Re8 30. Bb5 exf3 31. Qxf3 Rb8 32. Bd3 Nf6 33. Bxg6+ Kxg6 34. Qf5+ Kf7 35.
Bb2 Rxb4 36. Bxf6 gxf6 37. Qh7+ Ke8 38. Qh8+ Kd7 39. Rf2 Rb1 40. Qxf6 Qxf6 41. Rxf6 Rb2+ 42. Kg1 Rd2 43. Rf5 Ke7 44. g4 Re2 45. Rh5 Rd2 46. Kf1 Kf7 47. Ke1 Rd4 48. Ke2 Kg7 49. Ke3 Rd1 50.
Rf5 Re1+ 51. Kf2 Rd1 52. Kg3 Rd3+ 53. Kh4 Kg6 54. Rh5 Kg7 55. Rf5 Kg6 56. Rh5 Kg7 57. g5 Rd4+ 58. Kg3 hxg5 59. Rxg5+ Kh6 60. h4 Rd3+ 61.
Kg4 Rd4+ 62. Kh3 Rd3+ 63. Kg4 Rd4+ 64. Kg3 Rd3+ 65. Kg2 Rd4 66. Kh3 Rd3+ 67. Kg4 1/2-1/2

[Event "Late-Titled-Tuesday-Blitz-February-06-2024"]
[Site "Chess.com"]
[Date "2024.02.06"]
[Round "10"]
[White "DonMicheleCorleone"]
[Black "YurasovMat-2012"]
[Result "1-0"]
[WhiteElo "2529"]
[BlackElo "2683"]
[TimeControl "180+1"]
[EndTime "15:55:49 PST"]
[Termination "DonMicheleCorleone won on time"]

1. e4 e5 2. Nf3 Nf6 3. Nc3 Bb4 4. Nxe5 O-O 5. Nf3 Re8 6. Be2 Bxc3 7. dxc3 Nxe4 8. O-O d5 9. c4 Be6 10. Bd3 h6 11.
Re1 Nf6 12. cxd5 Bxd5 13. Rxe8+ Qxe8 14. Bf4 Nc6 15. Bxc7 Nb4 16. a3 Nxd3 17. Qxd3 Be4 18. Qb3 Qc6 19. Be5 Bxc2 20. Qc3 Qxc3 21. Bxc3 Nd5 22.
Bd4 Be4 23. Nd2 Bg6 24. Nc4 Rc8 25. Ne5 Rc2 26. Nxg6 fxg6 27. g3 Rd2 28. Be5 g5 29.
h3 h5 30. Re1 b5 31. Re4 Kf7 32. Kf1 a5 33. Ke1 Rc2 34. Bd4 Nc7 35. Re5 Ne6 36. Bc3 b4 37. axb4 axb4 38. Bxb4 Rxb2 39. Bc3 Rb1+ 40.
Ke2 Rh1 41. h4 gxh4 42. Rxh5 h3 43. Kf3 Kg6 44. Rh4 Ng5+ 45. Kg4 h2 46. f4 Ne4 47.
Be5 Nf2+ 48. Kf3 Rf1 49. Rxh2 Nd3+ 50. Ke2 Rg1 51. Kxd3 Rxg3+ 52. Ke4 Kf7 53. Rc2 g5 54. Rc7+ Ke8 55. f5 Rg1 56. Kd5 Ra1 57. Ke6 Ra6+ 58. Bd6 Kd8 59. Rg7 1-0

[Event "Late-Titled-Tuesday-Blitz-February-06-2024"]
[Site "Chess.com"]
[Date "2024.02.06"]
[Round "10"]
[White "zverr1"]
[Black "vanyakuba"]
[Result "0-1"]
[WhiteElo "2567"]
[BlackElo "2383"]
[TimeControl "180+1"]
[EndTime "15:55:49 PST"]
[Termination "vanyakuba won on time"]

1. e4 d5 2. exd5 Qxd5 3. Nc3 Qa5 4. d4 Nf6 5. Nf3 Bg4 6. h3 Bh5 7. g4 Bg6 8. Ne5 e6 9. Nc4 Qa6 10. Bf4 Qc6 11. Rg1 Bb4 12. a3 Bxc3+ 13. bxc3 Nbd7 14. Bd3 Bxd3 15. Qxd3 Nd5 16. Bd2 Qa4 17. Nb2 Qc6 18. c4 N5f6 19. O-O-O O-O-O 20. Bf4 Nb6 21. Be5 Ne4 22.
Qf3 f6 23. Bh2 Rhe8 24. Rge1 f5 25. gxf5 exf5 26. d5 Qd7 27. c5 Na4 28. Nxa4 Qxa4 29. Qb3 Nxc5 30. Qxa4 Nxa4 31. Kd2 Nb6 32. Kc1 Rxe1 33.
Rxe1 Nxd5 34. c4 Nf6 35. Re7 Rd7 36. Re5 g6 37. Bf4 c6 38. Bg5 Rf7 39. Re6 Nd7 40.
Re8+ Kc7 41. Bf4+ Kb6 42. Kc2 c5 43. Kc3 Kc6 44. Rc8+ Kb6 45. Bd6 Rf6 46. Bf4 Re6 47. Rd8 Re7 48. Bg5 Rf7 49. Re8 h6 50. Re6+ Kc7 51. Bxh6 Nf6 52. Bf4+ Kd7 53. Rd6+ Ke7 54. f3 Ne8 55. Rd5 b6 56. Bg5+ Ke6 57. f4 Rd7 58.
Re5+ Kf7 59. Re1 Nc7 60. h4 Ne6 61. Rh1 Ng7 0-1

[Event "Late-Titled-Tuesday-Blitz-February-06-2024"]
[Site "Chess.com"]
[Date "2024.02.06"]
[Round "10"]
[White "ChEsper99"]
[Black "Quattroporte300"]
[Result "1-0"]
[WhiteElo "2272"]
[BlackElo "2383"]
[TimeControl "180+1"]
[EndTime "15:55:51 PST"]
[Termination "ChEsper99 won on time"]

1. e4 c5 2. Nf3 Nc6 3. c3 d5 4. exd5 Qxd5 5. d4 Bg4 6. Be2 Nf6 7.
Be3 O-O-O 8. dxc5 Qxd1+ 9. Bxd1 Nd5 10. O-O Nxe3 11. fxe3 e6 12. b4 Be7 13. Nbd2 h5 14.
Nd4 Ne5 15. N2f3 Nc4 16. Re1 e5 17. Nb3 f6 18. h3 Be6 19. Kf2 Rd3 20. Rc1 Rhd8 21.
Bc2 R3d7 22. Rcd1 g5 23. Rxd7 Rxd7 24. Rd1 Rxd1 25. Bxd1 Bf5 26. Nfd2 Nb2 27. Bxh5 Kc7 28. e4 Be6 29. Ke3 Na4 30. Kd3 b6 31. cxb6+ axb6 32. Nc4 b5 33. Ne3 Nb2+ 34. Kc2 Nc4 35. Nxc4 Bxc4 36. Nd2 Bxa2 37. Bg4 Bf7 38. g3 Kc6 39. h4 gxh4 40. gxh4 Bf8 41. h5 Bh6 42. Nb3 Be3 43. Nd2 Kd6 44. Kd3 Bh6 45. Nf3 Ke7 46. Nh4 Kf8 47.
Nf5 Bf4 48. Nd6 Ba2 49. Nxb5 Bb1+ 50. Kc4 Ke7 51. Bf5 Be3 52. Nc7 Ba2+ 53. Kb5 Bf4 54.
Nd5+ Kd6 55. Nxf4 exf4 56. c4 f3 57. c5+ Kc7 58. Bh3 f2 59. Bf1 Bb1 60. Kc4 Bxe4 61.
b5 f5 62. Kd4 1-0

[Event "Late-Titled-Tuesday-Blitz-February-06-2024"]
[Site "Chess.com"]
[Date "2024.02.06"]
[Round "10"]
[White "ChessLover0108"]
[Black "KuzubovYuriy"]
[Result "0-1"]
[WhiteElo "3002"]
[BlackElo "2912"]
[TimeControl "180+1"]
[EndTime "15:55:57 PST"]
[Termination "KuzubovYuriy won on time"]

1. c4 g6 2. Nc3 Bg7 3. d4 d6 4. e4 Nc6 5. Be3 e5 6. Nge2 Nh6 7. h3 f5 8. g3 O-O 9. d5 Ne7 10. Qd2 Nf7 11. Bg2 c5 12. dxc6 bxc6 13. O-O Qc7 14. c5 fxe4 15. cxd6 Nxd6 16. Bc5 Rd8 17. Qc2 Nd5 18.
Bxd6 Qxd6 19. Nxe4 Qe6 20. Rfd1 Qe8 21. Rac1 Bf5 22. h4 Rac8 23. Qc4 Kh8 24. Rd2 Bxe4 25. Bxe4 Bh6 26. Rcd1 Bxd2 27. Rxd2 Nf6 28. Rxd8 Rxd8 29. Bg2 Rd2 30. Nc3 Rxb2 31. Qc5 Rb6 32. Na4 Rb1+ 33. Kh2 Rb5 34. Qc3 Ng4+ 35. Kg1 Rb1+ 36. Bf1 Qf7 37. Qd2 Kg7 38. Nc3 Ra1 39. Qb2 Re1 40. Qd2 Ra1 41.
Qb2 Qxf2+ 42. Qxf2 Nxf2 43. Kxf2 Rc1 44. Ne2 Rc2 45.
Bg2 c5 46. Bd5 c4 47. a4 Ra2 48. Bxc4 Rxa4 49. Bd5 Rb4 50. Ke3 a5 51. Nc3 a4 52.
Ba2 a3 53. Nd5 Rb2 54. Nc3 Rg2 55. Ke4 Rxg3 56. Nd5 Rg2 57. Nc3 Rc2 58. Kd3 Rh2 59. Ke4 Rxh4+ 60. Kxe5 Rh2 61. Kd4 Rb2 62. Bd5 h5 63.
Na2 h4 64. Nc3 h3 65. Na4 h2 66. Kc3 Rf2 67. Kb3 a2 0-1

[Event "Late-Titled-Tuesday-Blitz-February-06-2024"]
[Site "Chess.com"]
[Date "2024.02.06"]
[Round "10"]
[White "Chessdreamer2020"]
[Black "Chempiblinka"]
[Result "0-1"]
[WhiteElo "2534"]
[BlackElo "2373"]
[TimeControl "180+1"]
[EndTime "15:55:58 PST"]
[Termination "Chempiblinka won by resignation"]

1. e4 c5 2. Nf3 Nc6 3. Bb5 g6 4. O-O Bg7 5. c3 Nh6 6. d4 cxd4 7. cxd4 O-O 8. d5 Nb8 9. Nc3 d6 10. h3 a6 11. Be2 Nd7 12. Be3 b5 13. Qd2 b4 14.
Na4 Qa5 15. b3 Bxa1 16. Rxa1 Nf6 17. Bxh6 Re8 18. Bd3 Bd7 19. Be3 Bxa4 20. bxa4 Qxa4 21. Bc2 Qa3 22. Nd4 Qb2 23. Rb1 Qxa2 24. Rxb4 a5 25.
Rb7 a4 26. Nc6 a3 27. Nxe7+ Rxe7 28. Rxe7 Qa1+ 29. Kh2 a2 30. Bd4 Qxd4 31. Qxd4 a1=Q 32. Qxa1 Rxa1 33. f3 Kg7 34. Rb7 Ra2 35. Bd3 Rd2 36.
Ba6 Nh5 37. Rb1 Nf4 38. Bf1 Kf6 39. Re1 Ke5 40. Kg1 Ra2 41. g3 Nh5 42. f4+ Kd4 43.
e5 Kxd5 44. Rd1+ Ke6 45. exd6 Kd7 46. Bb5+ Kd8 47. Re1 Nf6 48. d7 Nxd7 49. Rd1 Ra7 50. Kf2 Ke7 51. Re1+ Kd8 52. Bc4 Nf6 53. Rd1+ Ke7 54.
Re1+ Kf8 55. Rb1 Kg7 56. Rb3 Rc7 57. Bd3 Nd5 58. Kf3 Nf6 59. Rb5 h6 60. g4 Nd7 61. Rd5 Nc5 62. Bb5 Ne6 63. Rd3 Nc5 64.
Rc3 Ne6 65. Re3 Nd4+ 66. Ke4 Nxb5 67. Rb3 Nd6+ 68. Kd5 Ne8 69. f5 g5 70. Rb6 Nf6+ 71. Ke5 Re7+ 72. Kd4 Re4+ 73. Kd3 Rf4 74. Ke3 Nd5+ 75.
Kd3 Nxb6 0-1

[Event "Late-Titled-Tuesday-Blitz-February-06-2024"]
[Site "Chess.com"]
[Date "2024.02.06"]
[Round "10"]
[White "Statham_01"]
[Black "delqate"]
[Result "0-1"]
[WhiteElo "2566"]
[BlackElo "2376"]
[TimeControl "180+1"]
[EndTime "15:56:03 PST"]
[Termination "delqate won by checkmate"]

1. e4 d5 2. exd5 Qxd5 3. Nf3 Qd8 4. d4 Nf6 5. c4 Bg4 6. Nc3 e6 7. Be3 Be7 8. h3 Bh5 9. Be2 O-O 10. Ne5 Bxe2 11.
Qxe2 Nbd7 12. f4 c5 13. O-O-O Qa5 14. g4 cxd4 15. Bxd4 Bb4 16. g5 Nxe5 17. Qxe5 Nh5 18. Qxa5 Bxa5 19. Rhf1 Ng3 20. Rfe1 Nf5 21. Bf2 Bxc3 22.
bxc3 Rfc8 23. Re4 Rc7 24. Kb2 Kf8 25. h4 b6 26. h5 Rac8 27. Kb3 Ke8 28. g6 hxg6 29.
hxg6 Ke7 30. gxf7 Kxf7 31. Rde1 Rc6 32. a4 g6 33. Bd4 Nxd4+ 34. cxd4 Rxc4 35. Rxe6 Rxd4 36.
Re7+ Kf6 37. R1e6+ Kf5 38. Re1 a5 39. R7e5+ Kxf4 40. Re6 Rb4+ 41. Ka3 Rc3+ 42. Ka2 Rg3 43. Rf1+ Kg5 44.
Re5+ Kh6 45. Rh1+ Kg7 46. Re7+ Kf6 47. Rb7 Rxa4+ 48. Kb2 Rb4+ 49. Kc2 Rg2+ 50. Kc3 Rg3+ 51. Kc2 Rg2+ 52. Kc3 Rg5 53. Rhh7 Rc5+ 54. Kd3 Kg5 55. Rhg7 a4 56. Ra7 Rb3+ 57. Kd4 a3 58. Rg8 Ra5 59. Rag7 a2 60. Rxg6+ Kf4 61. Rg4+ Kf5 62. R8g5+ Ke6 63. Rg6+ Kd7 64. Rh4 a1=Q+ 65. Kc4 Qa4# 0-1

[Event "Late-Titled-Tuesday-Blitz-February-06-2024"]
[Site "Chess.com"]
[Date "2024.02.06"]
[Round "10"]
[White "kuli4ik"]
[Black "ChristopherYoo"]
[Result "1-0"]
[WhiteElo "2876"]
[BlackElo "2985"]
[TimeControl "180+1"]
[EndTime "15:56:11 PST"]
[Termination "kuli4ik won by resignation"]

1. Nf3 d5 2. d4 Nf6 3. Bf4 Bf5 4. e3 e6 5. c3 Nbd7 6. Qb3 Qc8 7. c4 dxc4 8. Bxc4 a6 9. O-O b5 10. Be2 c5 11. Rc1 c4 12. Qd1 Qb7 13. b3 cxb3 14. Qxb3 Rc8 15. Nbd2 Be7 16. Rxc8+ Qxc8 17. a4 b4 18. Nc4 Ne4 19. a5 O-O 20. Nb6 Qc3 21. Qxc3 Nxc3 22. Bxa6 Nxb6 23. axb6 b3 24. b7 b2 25. Rf1 Bb4 26. Nd2 Na2 27. Nc4 Bd3 28. Nxb2 Bxa6 29. b8=Q Rxb8 30. Bxb8 Bxf1 31. Kxf1 Nc3 32.
Nd3 Be7 33. Bg3 f6 34. f3 Kf7 35. Be1 Nd5 36. e4 Ne3+ 37. Kf2 Nc2 38. Bc3 Bd8 39.
Ke2 Bb6 40. Nc5 e5 41. Kd2 exd4 42. Kxc2 dxc3 43. Na4 Bg1 44. h3 f5 45. Nxc3 Ke6 46.
Kd3 g5 47. Ne2 Bf2 48. Nd4+ Ke5 49. Nxf5 Kf4 50. Ke2 Bc5 51. Kf1 Bb6 52. Ng7 Be3 53. Nh5+ Ke5 54. Ke2 Ba7 55. g3 Bb6 56. Kd3 Bf2 57.
f4+ gxf4 58. gxf4+ Ke6 59. Ke2 Bh4 60. Kf3 Be1 61.
Ng7+ Kf7 62. Nf5 Kf6 63. Ne3 Bd2 64. e5+ Ke6 65. Ke4 Bc3 66. f5+ Kf7 67. e6+ Ke8 68. Nd5 Bb2 69. f6 Ba3 70. Kf5 Bd6 71. h4 h5 72. Kg5 Be5 73. Kxh5 Bg3 74. Kg5 Be1 75. h5 Bd2+ 76. Kg6 Kf8 77. e7+ 1-0

[Event "Late-Titled-Tuesday-Blitz-February-06-2024"]
[Site "Chess.com"]
[Date "2024.02.06"]
[Round "10"]
[White "Pelusiansky"]
[Black "Semetey"]
[Result "0-1"]
[WhiteElo "2485"]
[BlackElo "2644"]
[TimeControl "180+1"]
[EndTime "15:56:15 PST"]
[Termination "Semetey won by resignation"]

1. c4 e5 2. Nc3 Nc6 3. Nf3 f5 4. e3 Nf6 5. d4 e4 6. Ng1 d6 7.
Nge2 Be7 8. Nf4 O-O 9. Be2 Rf7 10. h4 Bf8 11. a3 a5 12. Bd2 Ne7 13. h5 c6 14. Qc2 d5 15. c5 b5 16. cxb6 Qxb6 17. Na4 Qc7 18. Nc5 Qd6 19. g3 Ng4 20. Rc1 h6 21. b4 axb4 22. Bxb4 Qf6 23. Na4 Rb8 24. Nc5 Kh7 25. Qd2 Ng8 26. a4 Bd6 27. a5 Ra7 28.
Bc3 Ne7 29. Qc2 Qf7 30. Bd2 Ng8 31. Rb1 Rba8 32. Rb6 Ne7 33. Rb1 Qf6 34. Na4 Ba6 35. Bxa6 Rxa6 36. Nb6 R8a7 37. Ke2 Qg5 38. Rh4 Qf6 39.
Rb2 Qf7 40. Ra2 Rc7 41. Na4 Ra8 42. Nc5 Rca7 43. Ra1 Ng8 44. Rb1 Bxf4 45. gxf4 N8f6 46. Rb6 Rc8 47. Nb3 Rac7 48. a6 Nxh5 49. Nc5 Nhf6 50. Rb7 Ra8 51. Qb3 Ne8 52. Rxc7 Nxc7 53. Qb7 Qe7 54.
Rh5 g6 55. Rh1 Qd8 56. Ba5 Rb8 57. Qxc7+ Qxc7 58. Bxc7 Rb2+ 59. Ke1 Rb1+ 60. Ke2 Rxh1 61. Bb6 Ra1 62. a7 h5 63. Ne6 h4 64. f3 exf3+ 65.
Kxf3 Kh6 66. Ng5 Kh5 67. Bc5 Nf6 68. Ne6 Ne4 69. Bb6 g5 70. fxg5 Nxg5+ 71. Kf4 Nxe6+ 72. Kxf5 Ng5 73. Ke5 h3 0-1

[Event "Late-Titled-Tuesday-Blitz-February-06-2024"]
[Site "Chess.com"]
[Date "2024.02.06"]
[Round "10"]
[White "FaustinoOro"]
[Black "Njal28"]
[Result "0-1"]
[WhiteElo "2774"]
[BlackElo "2998"]
[TimeControl "180+1"]
[EndTime "15:56:20 PST"]
[Termination "Njal28 won by resignation"]

1. e4 e5 2. Nf3 Nc6 3. Bb5 a6 4. Ba4 d6 5. O-O Bd7 6. c3 Nge7 7. d4 Ng6 8. h3 Be7 9. Re1 O-O 10. Bc2 Bf6 11. Be3 Re8 12. d5 Nce7 13. c4 b6 14.
Nc3 a5 15. Ba4 Rf8 16. Bxd7 Qxd7 17. b3 Nh4 18. Nd2 h6 19. g3 Nhg6 20. Kg2 Bg5 21.
Bxg5 hxg5 22. Nf3 f6 23. Nh2 f5 24. exf5 Nxf5 25. Ne4 Nd4 26. Nxg5 Qf5 27. Ne4 Rf7 28. Rc1 a4 29. b4 a3 30. Rb1 Ne7 31. Qg4 Ra4 32.
Qxf5 Nexf5 33. Nc3 Ra8 34. Ng4 Nh6 35. Nxh6+ gxh6 36. Ne4 Ra4 37. Rec1 Kh7 38. Nc3 Ra8 39. Rd1 h5 40. Ne4 Rg8 41. h4 Kh6 42. c5 Nf5 43. Kh2 Rg4 44. Ng5 Rf6 45. cxd6 cxd6 46. Rd2 Nxh4 47.
gxh4 Rxh4+ 48. Nh3 Rf3 49. Kg2 Rhxh3 50. Rc2 Rc3 51.
Rbc1 Rxc2 52. Rxc2 Rd3 53. Rc6 Rxd5 54. Rxb6 Rd2 55. b5 Kg5 56. Rb8 Rxa2 57. b6 Rb2 58. b7 Kh4 59. Ra8 Rxb7 60. Ra4+ Kg5 61. Rxa3 d5 62.
Kf3 Kf5 63. Ra8 Rb3+ 64. Ke2 d4 65. Rf8+ Ke4 66. f3+ Kd5 67. Rd8+ Kc4 68. Rc8+ Kb4 69. Re8 Re3+ 70. Kf2 Kc3 71. Rh8 e4 72. fxe4 Rxe4 73. Rxh5 d3 74. Rc5+ Kd2 75. Rc8 Re7 76. Rc6 Rf7+ 77. Kg3 Ke1 78. Re6+ Kd1 79. Rd6 d2 80. Re6 Rf5 81. Kg4 Rc5 0-1

[Event "Late-Titled-Tuesday-Blitz-February-06-2024"]
[Site "Chess.com"]
[Date "2024.02.06"]
[Round "10"]
[White "Dinamo3"]
[Black "igorknyazev"]
[Result "0-1"]
[WhiteElo "2480"]
[BlackElo "2209"]
[TimeControl "180+1"]
[EndTime "15:56:23 PST"]
[Termination "igorknyazev won by resignation"]

1. e4 e5 2. Nf3 Nf6 3. Bc4 Nxe4 4. Nc3 Nd6 5. Bb3 Nc6 6. O-O Be7 7. Re1 O-O 8. Nxe5 Nxe5 9. Rxe5 Bf6 10. Re1 Re8 11. Rxe8+ Qxe8 12. d4 c6 13. Bf4 Nf5 14. Ne2 d5 15. c3 Be6 16. Qd2 Qd7 17. Re1 Re8 18.
Bc2 Nh4 19. Ng3 Ng6 20. Be3 b6 21. f4 Ne7 22. Nh5 Bf5 23. Nxf6+ gxf6 24. Bf2 Bxc2 25.
Qxc2 Ng6 26. f5 Rxe1+ 27. Bxe1 Ne7 28. g4 h5 29. h3 hxg4 30. hxg4 Qd6 31. Qd2 Kg7 32.
Kg2 Ng8 33. Bg3 Qe7 34. Qf4 Qe2+ 35. Kh3 Nh6 36. Bh4 Qd3+ 37. Qg3 Qxg3+ 38. Bxg3 b5 39. Bd6 Ng8 40. Kg3 Nh6 41. Kf4 a6 42. b3 Ng8 43.
a4 bxa4 44. bxa4 Nh6 45. Be7 Ng8 46. Bd8 Nh6 47. g5 fxg5+ 48. Kxg5 Ng8 49. f6+ Kf8 50. Kf5 Ke8 51. Bc7 Kd7 52. Bf4 Ke8 53. Bg5 Kd7 54.
Ke5 Kc7 55. a5 Kd7 56. Kf5 Kd6 57. Bf4+ Kd7 58. Be5 Ke8 59. Bb8 Kd7 60. Ke5 Nh6 61. Ba7 Ng4+ 62. Kf5 Ne3+ 63. Kg5 Nd1 64. Kh6 Nxc3 65.
Kg7 Ke6 66. Bb6 Nb5 67. Bc5 Nc3 68. Be7 Ne4 69. Bd8 c5 70. dxc5 Nxc5 71. Bb6 Ne4 72. Bd4 Ng3 73. Kf8 Nf5 74. Bc3 d4 75. Bd2 Kxf6 76.
Ke8 Ke6 77. Kd8 d3 78. Kc7 Nd4 79. Kb6 Nb3 80. Bc3 d2 81. Bxd2 Nxd2 82. Kxa6 Nc4 83. Kb5 Nxa5 84. Kxa5 f5 85. Kb4 Ke5 86. Kc3 Ke4 87.
Kd2 Kf3 88. Ke1 Kg2 89. Ke2 f4 90. Kd3 f3 91. Ke4 f2 0-1

[Event "Late-Titled-Tuesday-Blitz-February-06-2024"]
[Site "Chess.com"]
[Date "2024.02.06"]
[Round "10"]
[White "LikeWater"]
[Black "LionTheLeon_06"]
[Result "0-1"]
[WhiteElo "2781"]
[BlackElo "2887"]
[TimeControl "180+1"]
[EndTime "15:56:32 PST"]
[Termination "LionTheLeon_06 won by resignation"]

1. e4 c6 2. d4 d5 3. Nc3 dxe4 4. Bc4 Nf6 5. f3 exf3 6. Nxf3 Bf5 7. O-O e6 8. Ng5 Bg6 9. Bxe6 fxe6 10. Nxe6 Qd7 11. Bg5 Qxe6 12. Bxf6 gxf6 13. Re1 Qxe1+ 14. Qxe1+ Kf7 15.
Qg3 Na6 16. Rf1 Be7 17. d5 Rae8 18. d6 Bd8 19. Qg4 Re6 20. Qc4 Re8 21. d7 Re7 22. Ne2 Kg7 23. Nf4 Rd6 24. h4 Rdxd7 25. h5 Bf7 26. Qc3 Re5 27. h6+ Kg8 28. Qh3 Nc5 29.
b4 Ne6 30. c4 Rd4 31. Nxe6 Rxe6 32. Qc3 Rd7 33. Qh3 Rd4 34. Qg3+ Bg6 35. Qb8 Rd7 36. Qc8 Red6 37. Rxf6 Rd1+ 38. Rf1 Rxf1+ 39. Kxf1 Bf5 40. Qb8 Kf7 41. c5 a6 42. a4 Kg6 43. b5 axb5 44. axb5 cxb5 45. Qe5 Bf6 46. Qf4 Bg5 47. Qb4 Bxh6 48. g4 Bd3+ 49. Kf2 Bg7 50. Kg3 Be5+ 51. Kh3 Bc4 52. Qe1 Bf6 53. Qe4+ Kg7 54. Qe8 Rd3+ 55. Kg2 Bd5+ 56. Kf2 Bf7 57. Qc8 Bd5 58. Qc7+ Kg6 59.
Qc8 b4 60. Qf5+ Kg7 61. Qxd3 Bf7 62. Qd7 b3 63. Ke3 b2 64. Qxb7 Kg6 65. Qe4+ Kg7 66. Qb4 Bg6 67. g5 Bxg5+ 68. Kf3 b1=Q 69. Qd4+ Bf6 70. Qd7+ Kh6 71. Qh3+ Kg7 72. Qd7+ Bf7 73. Qg4+ Qg6 0-1

[Event "Late-Titled-Tuesday-Blitz-February-06-2024"]
[Site "Chess.com"]
[Date "2024.02.06"]
[Round "10"]
[White "ProfessorChess101"]
[Black "hakanazeri2"]
[Result "1-0"]
[WhiteElo "2802"]
[BlackElo "2637"]
[TimeControl "180+1"]
[EndTime "15:57:17 PST"]
[Termination "ProfessorChess101 won on time"]

1. d4 Nf6 2. c4 e6 3. Nc3 Bb4 4.
e3 O-O 5. Nf3 c5 6. Bd2 cxd4 7.
exd4 d5 8. c5 Nc6 9. Bd3 b6 10. a3 Bxc3 11. Bxc3 Ne4 12. Qc2 bxc5 13. dxc5 Nxc3 14. Qxc3 e5 15. Bb5 d4 16. Qd2 Bb7 17.
O-O Qd5 18. Rfe1 Qxc5 19. Bxc6 Qxc6 20. Rxe5 Qf6 21. Qxd4 Bxf3 22. gxf3 Qxf3 23. Re3 Qc6 24. Rae1 Rad8 25. Qc3 Qb6 26. Re7 Rd6 27. R7e3 Rg6+ 28.
Rg3 Rd8 29. Qe3 Qc6 30. Qe7 Ra8 31. Qe3 h5 32. Qe4 Qxe4 33. Rxe4 Rb8 34. Rxg6 fxg6 35.
b4 Rb6 36. a4 a6 37. Rc4 Kf7 38. Kg2 Kf6 39. Kf3 g5 40. h3 Kf5 41. Rc5+ Kf6 42.
b5 axb5 43. axb5 Rb7 44. Rc6+ Ke5 45. Rg6 Kf5 46. Rc6 Rxb5 47. Kg2 g6 48. Rc8 g4 49. Rf8+ Kg5 50. hxg4 Kxg4 51. Rg8 Kg5 52. Rc8 Rb6 53. Rc5+ Kh6 54. Rc8 Rf6 55. Rh8+ Kg5 56. Rb8 h4 57. Rb5+ Kg4 58. Rb4+ Rf4 59. Rb3 h3+ 60. Kg1 g5 61. Rg3+ Kh4 62. Ra3 Rg4+ 63. Kh1 Rg2 64. Rf3 Rg4 65. Rf8 Rf4 66. Rh8+ Kg4 67. Kg1 Ra4 68. Kh2 Ra2 69. Rf8 Ra3 70. Rh8 Rf3 71.
Kg1 Rf4 72. Rh7 Rf5 73. Rh8 Rf3 74. Rh7 Kf4 75. Rf7+ Ke4 76. Re7+ Kd3 77. Rg7 Rf5 78. Kh2 Ke4 79. Kxh3 Kf3 80. Kh2 Kxf2 81. Kh3 Kf3 82. Rg8 Rf7 83. Kh2 g4 84. Kg1 Ra7 85. Kh2 Ra2+ 86.
Kg1 Kg3 87. Kf1 Ra1+ 88. Ke2 Kh3 89. Kf2 Ra2+ 90. Kg1 Kg3 91. Kf1 Ra1+ 92. Ke2 Rb1 93. Rg7 Kh3 94. Kf2 Rb2+ 95. Kg1 Kg3 96. Kf1 Rc2 97. Rg8 Rc1+ 98. Ke2 1-0

[Event "Late-Titled-Tuesday-Blitz-February-06-2024"]
[Site "Chess.com"]
[Date "2024.02.06"]
[Round "11"]
[White "djano"]
[Black "winniethepooh04"]
[Result "1-0"]
[WhiteElo "2645"]
[BlackElo "2522"]
[TimeControl "180+1"]
[EndTime "15:59:34 PST"]
[Termination "djano won by resignation"]

1. e4 e6 2. b3 d5 3. Bb2 Nf6 4. d3 dxe4 5. Nd2 exd3 6. Bxd3 Be7 7. Qe2 c6 8. O-O-O Qa5 9. Kb1 Nbd7 10. Nc4 Qc7 11. Nf3 b6 12. Nce5 Bb7 13. Nxf7 Kxf7 14. Qxe6+ Kxe6 15. Ng5+ Kd5 16. Bc4+ 1-0

[Event "Late-Titled-Tuesday-Blitz-February-06-2024"]
[Site "Chess.com"]
[Date "2024.02.06"]
[Round "11"]
[White "Teidi96"]
[Black "Der_Balak_3Halak"]
[Result "1-0"]
[WhiteElo "2375"]
[BlackElo "2515"]
[TimeControl "180+1"]
[EndTime "16:00:37 PST"]
[Termination "Teidi96 won by resignation"]

1. e4 e5 2. Nf3 Nf6 3. d4 Nxe4 4.
Bd3 d5 5. Nxe5 Bd6 6. O-O O-O 7. Nc3 Nxc3 8. bxc3 Nd7 9. Nxd7 Bxd7 10. Qh5 g6 11. Qxd5 Bc6 12. Qg5 f6 13. Qh6 Qe7 14. Bd2 Rae8 15. c4 Bd7 16. c5 Bxc5 17. dxc5 Qxc5 18.
Rab1 Bc6 19. Qh4 Qd5 20. Bc4 Re4 21. Qxe4 1-0

[Event "Late-Titled-Tuesday-Blitz-February-06-2024"]
[Site "Chess.com"]
[Date "2024.02.06"]
[Round "11"]
[White "DraningWaterHi"]
[Black "AsterPhoenix"]
[Result "0-1"]
[WhiteElo "2252"]
[BlackElo "2646"]
[TimeControl "180+1"]
[EndTime "16:01:02 PST"]
[Termination "AsterPhoenix won by resignation"]

1. d4 Nf6 2. c4 e6 3. Nf3 Bb4+ 4. Nbd2 d5 5. g3 O-O 6. Bg2 dxc4 7. Qc2 c5 8. dxc5 Na6 9. Qxc4 Bxc5 10. O-O Qe7 11. Nb3 Bb6 12. Bg5 h6 13. Bxf6 Qxf6 14. Rab1 Bd7 15. Rfd1 Rac8 16. Qg4 Bc6 17. Nfd4 Bxg2 18.
Kxg2 Nc5 19. Nxc5 Rxc5 20. Nf3 Rc2 21. Nd4 Bxd4 22. Rxd4 h5 23. Qe4 Rxe2 24. Qxe2 Qxd4 25. Qxh5 Qe4+ 0-1

[Event "Late-Titled-Tuesday-Blitz-February-06-2024"]
[Site "Chess.com"]
[Date "2024.02.06"]
[Round "11"]
[White "giomar27"]
[Black "ChessSwole"]
[Result "0-1"]
[WhiteElo "2465"]
[BlackElo "2678"]
[TimeControl "180+1"]
[EndTime "16:01:12 PST"]
[Termination "ChessSwole won by resignation"]

1. d4 Nf6 2. Nc3 d5 3. Bf4 c5 4. e4 cxd4 5. Qxd4 Nc6 6. Bb5 Bd7 7. Bxc6 Bxc6 8. e5 Nd7 9. Nf3 e6 10. O-O Be7 11. a4 O-O 12. b4 b6 13. a5 Rc8 14.
Rab1 bxa5 15. b5 Bc5 16. Qd2 Bb7 17. Nd4 Bb4 18. Nde2 Qc7 19. Rb3 Nc5 20. Rxb4 axb4 21. Nb1 Ne4 22. Qe3 Qc5 23. Nd4 Nc3 24. Nd2 Qxd4 25.
Qxd4 Ne2+ 26. Kh1 Nxd4 0-1

[Event "Late-Titled-Tuesday-Blitz-February-06-2024"]
[Site "Chess.com"]
[Date "2024.02.06"]
[Round "11"]
[White "chenxiaoyuer"]
[Black "HalfIsCrayfish"]
[Result "1-0"]
[WhiteElo "2756"]
[BlackElo "2585"]
[TimeControl "180+1"]
[EndTime "16:01:16 PST"]
[Termination "chenxiaoyuer won by resignation"]

1. e4 Nc6 2. Nf3 f5 3. exf5 d5 4. Bb5 Bxf5 5. O-O Qd6 6. d4 O-O-O 7. Re1 e6 8. c3 h6 9. Qa4 Nge7 10. Na3 Be4 11. Nd2 Bf5 12. Nb3 Kb8 13. Nc5 g5 14.
Ba6 b6 15. Nb5 bxc5 16. Nxd6 cxd6 17. Qb5+ 1-0

[Event "Late-Titled-Tuesday-Blitz-February-06-2024"]
[Site "Chess.com"]
[Date "2024.02.06"]
[Round "11"]
[White "GothamChess"]
[Black "dropstoneDP"]
[Result "0-1"]
[WhiteElo "2717"]
[BlackElo "2982"]
[TimeControl "180+1"]
[EndTime "16:01:21 PST"]
[Termination "dropstoneDP won by resignation"]

1. c4 e5 2. Nf3 e4 3. Nd4 Nc6 4. e3 Nxd4 5. exd4 Qf6 6. Nc3 Qxd4 7. d3 Bb4 8. Qb3 Bxc3+ 9. bxc3 Qe5 10. d4 Qe7 11. Ba3 d6 12. c5 Nf6 13. Bb5+ Bd7 14. Bxd7+ Qxd7 15. Qxb7 O-O 16. cxd6 Rab8 17. Qxc7 Qa4 18.
Bc5 Nd5 19. Qxa7 Qc4 20. Rc1 Rb2 0-1